 Dungeon Crawl Stone Soup version 0.29.1-1-gd02db6906a (webtiles) character file.

Game seed: 5246997400049384533

7859 croobank the Nimble (level 11, -15/52 HPs)
             Began as a Felid Summoner on Oct 19, 2022.
             Was an Initiate of Gozag.
             Killed by an exploding blink frog (17 damage)
             ... ignited by their inner flame
             ... on level 2 of the Lair of Beasts.
             The game lasted 01:28:58 (16478 turns).

croobank the Nimble (Felid Summoner)               Turns: 16478, Time: 01:28:58

Health: -15/52     AC:  2    Str: 10    XL:     11   Next: 2%
Magic:  11/24      EV: 25    Int: 21    God:    Gozag
Gold:   348        SH:  0    Dex: 17    Spells: 9/27 levels left
                                        Lives:  0   Deaths: 3

rFire   . . .      SeeInvis +   (weapon unavailable)
rCold   . . .      Faith    .   (shield unavailable)
rNeg    . . .      Spirit   .   (body armour unavailable)
rPois   .          Reflect  .   (helmet unavailable)
rElec   .          Harm     .   (cloak unavailable)
rCorr   .          Rampage  .   (gloves unavailable)
Will    ++...                   (boots unavailable)
Stlth   +++.......              (no amulet)
HPRegen 0.17/turn               f - ring of willpower
MPRegen 0.19/turn               n - +6 ring of strength

@: about to teleport, gold aura, studying Ice Magic, quick
A: very small, claws 1, fangs 3, see invisible, speed 1, shaggy fur 2, stealthy
paws, no weapons or thrown items, no armour, multi-lived
a: Renounce Religion, Potion Petition, Call Merchant, Bribe Branch


You were on level 2 of the Lair of Beasts.
You worshipped Gozag.
Gozag was aware of your devotion.
You visited 3 branches of the dungeon, and saw 12 of its levels.

You collected 1905 gold pieces.
You paid 1557 gold pieces to Gozag.

Inventory:

Jewellery
 c - a +6 ring of dexterity
 f - a ring of willpower (left paw)
 m - an amulet of faith
 n - a +6 ring of strength (right paw)
 o - a ring of fire
 y - a ring of willpower
 G - a +4 ring of protection
Wands
 b - a wand of mindburst (12)
 h - a wand of polymorph (5)
 r - a wand of quicksilver (23)
 w - a wand of flame (15)
 E - a wand of charming (6)
Scrolls
 g - a scroll of blinking
 q - 2 scrolls of immolation
 u - 2 scrolls of butterflies
 v - 2 scrolls of amnesia
 z - a scroll of teleportation
 A - 2 scrolls of fear
 B - a scroll of brand weapon {unknown}
 D - 2 scrolls of noise {unknown}
Potions
 a - a potion of lignification
 d - 2 potions of flight
 e - 7 potions of brilliance
 i - 3 potions of ambrosia
 j - 4 potions of attraction
 k - 7 potions of curing
 l - 2 potions of resistance
 p - a potion of berserk rage {unknown}
 s - 2 potions of invisibility {unknown}
 t - 2 potions of haste {unknown}
 x - 2 potions of mutation {unknown}
 C - a potion of magic
 F - a potion of heal wounds


   Skills:
 * Level 8.8 Fighting
 * Level 12.0 Dodging
 - Level 3.5 Stealth
 * Level 8.5 Spellcasting
 - Level 5.0 Hexes
 - Level 10.0 Summonings
 + Level 1.0 Ice Magic
 * Level 5.8 Air Magic


You had 9 spell levels left.
You knew the following spells:

 Your Spells              Type           Power      Damage    Failure   Level
a - Summon Small Mammal   Summ           100%       N/A       1%          1
b - Call Imp              Summ           50%        N/A       1%          2
c - Call Canine Familiar  Summ           50%        N/A       1%          3
d - Summon Guardian Gole  Hex/Summ       40%        N/A       1%          3
e - Summon Lightning Spi  Summ/Air       42%        N/A       3%          4
f - Swiftness             Air            33%        N/A       1%          3
g - Ensorcelled Hibernat  Hex/Ice        42%        N/A       3%          2

Your spell library contained the following spells:

 Spells                   Type           Power      Damage    Failure   Level
 Static Discharge         Conj/Air       21%        3-6/arc   3%          2
 Apportation              Tloc           18%        N/A       8%          1
 Necrotise                Necr           36%        1d5       8%          1
 Passwall                 Tmut/Erth      7%         N/A       12%         2
 Vampiric Draining        Necr           9%         2d6       22%         3
 Lightning Bolt           Conj/Air       10%        1d23      54%         5
 Agony                    Necr           9%         N/A       91%         5
 Maxwell's Capacitive Co  Air            16%        ∞         100%        8


Dungeon Overview and Level Annotations

Branches:
Dungeon (9/15)             Temple (1/1) D:5            Lair (2/5) D:9
  Swamp: Lair:2-3    Shoals: Lair:2-3     Snake: Lair:2-3    Spider: Lair:2-3
    Orc: D:9-12

Altars:
Ashenzari
Cheibriados
Dithmenos
Elyvilon
Fedhas
Gozag
Hepliaklqana
Kikubaaqudgha
Makhleb
Okawaru
Qazlal
Ru
Sif Muna
Trog
Uskayaw
Vehumet
Wu Jian
Xom
Yredelemnul
Zin
The Shining One

Shops:
D:2 :

Annotations:
D:2 Crazy Yiuf


Innate Abilities, Weirdness & Mutations

You have sharp claws.
You have razor-sharp teeth.
You have supernaturally acute eyesight. (SInv)
You cover ground quickly. (Speed+)
You are covered in thick fur. (AC +2)
Your paws help you pounce on unaware monsters.
You are incapable of wielding weapons or throwing items.
You cannot wear armour.
You gain extra lives every three experience levels.


Message History

Your wolf closely misses the ice beast.
The blink frog hits you!
The blink frog blinks!
The ice beast hits your wolf. Flame seeps out of your wolf.
The ice beast freezes your wolf!
Your wolf's corpse disappears in a puff of smoke!
Your wolf explodes!
The fiery explosion engulfs your quokka!!!
Your quokka's corpse disappears in a puff of smoke!
The fiery explosion engulfs the blink frog!!
The fiery explosion engulfs the wyvern!!
The fiery explosion engulfs the blink frog!!!
The fiery explosion engulfs your guardian golem!
Your guardian golem resists.
Your guardian golem is severely damaged.
The fiery explosion engulfs you!!
* * * LOW HITPOINT WARNING * * *
The fiery explosion engulfs the ice beast!!!!
The ice beast melts!
The ice beast disappears in a puff of smoke!
The ice beast explodes!
The fiery explosion engulfs your bat!!!
Your bat's corpse disappears in a puff of smoke!
The fiery explosion engulfs your guardian golem.
Your guardian golem resists.
Your guardian golem is almost destroyed.
The fiery explosion engulfs the ice beast!!!
The ice beast melts!
The ice beast disappears in a puff of smoke!
The fiery explosion engulfs Fannar!!
Fannar is burned terribly!
Flame seeps out of Fannar.
Fannar is heavily wounded.
The ice beast explodes!
The fiery explosion engulfs your guardian golem!
Your guardian golem resists.
You destroy your guardian golem!
Your guardian golem disappears in a puff of smoke!
The fiery explosion engulfs Fannar!!!
Fannar is burned terribly!
Fannar explodes!
Your bat explodes!
The blink frog explodes!
The fiery explosion engulfs you!
You die...
Your body crumbles into a pile of gold.

##...>........##.#P..
#...#.#.#.##.........
#.....######...##P..
##.##...# ##.F# .
#.##....# ##..#
#..####.# #.$.## #.#
.# #..$.# #.# ## #
##.§## #.#.
#..####§§@# . ....
?##....#§○§# ... ..
....$..$§§§##..... ##
..#.$.###§§§.Y...#
#...# #.###e#.## ##.
### # .. $ .# .


You could see a blink frog (inner flame).

Vanquished Creatures
  Fannar (Lair:2)
  A hornet (D:9)
  2 blink frogs (Lair:2)
  A wyvern (Lair:2)
  A water moccasin (D:7)
  An acid dragon (D:9)
  A phantom (D:4)
  3 killer bees (D:9)
  5 electric eels (D:9)
  An orc priest (D:8)
  A shadow imp (D:7)
  2 orcs
  2 ball pythons (D:1)
  3 bats
  3 endoplasms
  4 goblins
  2 hobgoblins (D:1)
  3 kobolds
37 creatures vanquished.

Vanquished Creatures (collateral kills)
  A boulder beetle (D:9)
  A hydra (Lair:1)
  A centaur warrior (D:9)
  A rime drake (Lair:1)
  2 entropy weaver simulacra (Lair:1)
  3 komodo dragons
  An ice devil (Lair:1)
  2 polar bears (Lair:1)
  A blink frog (Lair:2)
  A yak (Lair:1)
  A vampire mosquito (D:9)
  A steam dragon (D:9)
  An acid dragon (D:9)
  A centaur (D:9)
  An ogre (D:5)
  5 wolves
  2 phantoms (D:4)
  Blork the orc (D:6)
  2 kobold brigands (D:9)
  3 bullfrogs
  2 necrophages
  A two-headed ogre simulacrum (Lair:1)
  4 wights (D:9)
  2 killer bees (D:9)
  An elephant simulacrum (Lair:1)
  4 howler monkeys (D:9)
  A bullfrog zombie (D:4)
  6 hounds
  A centaur zombie (D:4)
  A bullfrog skeleton (D:4)
  2 orc priests (D:8)
  Terence (D:2)
  Jessica (D:2)
  A scorpion zombie (D:4)
  3 iguanas
  7 orc wizards
  A wolf simulacrum (Lair:1)
  A polar bear simulacrum (Lair:1)
  3 hound zombies (D:4)
  A mummy (D:8)
  Robin (D:2)
  A howler monkey skeleton (D:4)
  5 gnolls
  4 adders
  A shadow imp (D:7)
  2 white imps
  An adder skeleton (D:4)
  2 adder zombies (D:4)
  A worm (D:5)
  26 orcs
  7 ball pythons
  7 bats
  9 endoplasms
  13 goblins
  8 hobgoblins
  5 jackals
  A quokka (D:1)
  10 frilled lizards
  2 hobgoblin zombies (D:8)
  12 kobolds
  2 kobold zombies (D:8)
  A quokka skeleton (D:4)
  2 rats
  A spectral kobold (D:6)
200 creatures vanquished.

Vanquished Creatures (others)
  A centaur warrior (D:9)
  A skeletal warrior (D:9)
  A bog body (Lair:1)
  An ugly thing (D:9)
  A black mamba (Lair:2)
  Joseph (D:8)
  A gargoyle (D:9)
  A meliai (D:9)
  Grinder (D:4)
  2 trolls (D:9)
  2 hornets (D:9)
  A wraith (D:9)
  6 yaks (D:9)
  A steam dragon (D:9)
  A water moccasin (D:8)
  An orc warrior (D:7)
  An ogre (D:5)
  2 centaurs (D:9)
  A gnoll sergeant (D:7)
  A bullfrog (D:8)
  5 wights (D:9)
  A howler monkey (D:9)
  An orc priest (D:8)
  An orc wizard (D:6)
  A spriggan simulacrum (Lair:1)
  3 gnolls (D:7)
  3 orcs
  11 fungi
  21 plants
  A withered plant (D:4)
76 creatures vanquished.

Grand Total: 313 creatures vanquished

Notes
Turn   | Place    | Note
-------+----------+-------------------------------------------
     0 | D:1      | croobank the Felid Summoner began the quest for the Orb.
     0 | D:1      | Reached XP level 1. HP: 7/7 MP: 4/4
   284 | D:1      | Reached skill level 3 in Dodging
   298 | D:1      | Reached XP level 2. HP: 11/11 MP: 4/6
   301 | D:1      | Learned a level 2 spell: Call Imp
  1054 | D:1      | Reached XP level 3. HP: 14/14 MP: 5/7
  1580 | D:1      | Found a faded altar of an unknown god.
  1742 | D:2      | Learned a level 3 spell: Call Canine Familiar
  1926 | D:2      | Noticed Terence
  2215 | D:2      | Found Raterene's Book Emporium.
  2231 | D:3      | Found a sacrificial altar of Ru.
  2242 | D:3      | Found a basalt altar of Yredelemnul.
  2251 | D:3      | Found a broken altar of Ashenzari.
  2330 | D:3      | You fall into a shaft and drop 3 floors!
  2377 | D:6      | Noticed Blork the orc
  2445 | D:6      | Found a hazy altar of Hepliaklqana.
  2523 | D:5      | Entered Level 5 of the Dungeon
  2591 | D:5      | Noticed an ogre
  2593 | D:5      | Found a staircase to the Ecumenical Temple.
  2644 | D:4      | Noticed a phantom
  2674 | D:3      | Reached XP level 4. HP: 6/18 MP: 3/8
  2921 | D:3      | Reached skill level 1 in Fighting
  3309 | D:3      | Reached skill level 4 in Dodging
  3577 | D:2      | Noticed Jessica
  3606 | D:2      | Killed Jessica
  3607 | D:2      | Reached XP level 5. HP: 22/22 MP: 8/10
  3649 | D:2      | Learned a level 3 spell: Summon Guardian Golem
  3776 | D:2      | Identified the +1 helmet "Gylyxufi" {Str+2}
  3776 | D:2      | Noticed Robin
  3788 | D:2      | Killed Robin
  4190 | D:4      | Noticed Ijyb
  4223 | D:4      | Noticed Grinder
  4486 | D:2      | Killed Terence
  5175 | D:2      | Found a runed translucent door.
  5176 | D:2      | Noticed Crazy Yiuf
  5322 | D:4      | Reached skill level 5 in Summonings
  5322 | D:4      | Gained mutation: You are covered in thick fur. (AC +2)
                  | [Felid growth]
  5322 | D:4      | Reached XP level 6. HP: 26/26 MP: 5/12
  5426 | D:4      | Reached skill level 5 in Dodging
  5426 | D:4      | Reached skill level 1 in Hexes
  5426 | D:4      | Noticed Ijyb
  5426 | D:4      | Ijyb changed into Ijyb the endoplasm
  5845 | D:5      | Reached XP level 7. HP: 31/31 MP: 2/13
  6035 | Temple   | Entered the Ecumenical Temple
  6259 | Temple   | Became a worshipper of Gozag Ym Sagoz the Greedy
  7051 | D:6      | Found an iron altar of Okawaru.
  7059 | D:6      | Found a blossoming altar of Fedhas.
  7429 | D:6      | Killed Blork the orc
  7430 | D:6      | Reached skill level 6 in Dodging
  7885 | D:4      | Killed Ijyb the endoplasm
  8071 | D:4      | Killed Grinder
  8072 | D:4      | Reached XP level 8. HP: 36/36 MP: 3/15
  8631 | D:4      | Reached skill level 5 in Hexes
  8896 | D:7      | Found a white marble altar of Elyvilon.
  8901 | D:7      | Reached skill level 7 in Dodging
  9339 | D:7      | Reached skill level 5 in Spellcasting
  9465 | D:7      | Killed by an exploding themself... ignited by their inner
                  | flame
  9466 | D:7      | Reached XP level 7. HP: -18/33 MP: 6/15
 10518 | D:8      | Reached skill level 5 in Fighting
 10518 | D:8      | Reached XP level 8. HP: 37/37 MP: 9/16
 10711 | D:8      | Killed from afar by an orc priest
 10712 | D:8      | Reached XP level 7. HP: -5/33 MP: 13/15
 11251 | D:8      | Found a shimmering altar of Xom.
 11258 | D:8      | Identified the +0 ring mail of Filth {Str+5}
 11559 | D:8      | Noticed Joseph
 11567 | D:8      | Learned a level 4 spell: Summon Lightning Spire
 11571 | D:8      | Learned a level 3 spell: Swiftness
 11605 | D:8      | Killed Joseph
 11606 | D:8      | Reached skill level 8 in Dodging
 11606 | D:8      | Reached XP level 8. HP: 37/37 MP: 6/17
 12126 | D:9      | Reached skill level 9 in Dodging
 12134 | D:9      | Reached XP level 9. HP: 41/41 MP: 14/19
 12321 | D:9      | Noticed a troll
 12326 | D:9      | Killed a troll
 12806 | D:9      | Found a staircase to the Lair.
 12947 | D:9      | Reached skill level 10 in Dodging
 13049 | D:9      | Noticed a troll
 13077 | D:9      | Killed a troll
 13078 | D:9      | Reached XP level 10. HP: 42/47 MP: 8/21
 13213 | D:9      | Reached skill level 1 in Air Magic
 13378 | D:9      | Noticed a skeletal warrior
 13770 | D:9      | Noticed a centaur warrior
 13778 | D:9      | Killed a centaur warrior
 13825 | D:9      | Killed a skeletal warrior
 14106 | D:9      | Noticed a centaur warrior
 14128 | D:9      | Killed a centaur warrior
 14470 | D:9      | Noticed a gargoyle
 14477 | D:9      | Noticed a boulder beetle
 14492 | D:9      | Noticed a red ugly thing
 14498 | D:9      | Killed a gargoyle
 14499 | D:9      | Reached skill level 11 in Dodging
 14503 | D:9      | Killed a red ugly thing
 14504 | D:9      | Reached XP level 11. HP: 23/51 MP: 5/23
 14517 | D:9      | Killed a boulder beetle
 14811 | Lair:1   | Entered Level 1 of the Lair of Beasts
 14949 | Lair:1   | Reached skill level 5 in Air Magic
 15136 | Lair:1   | Noticed a bog body
 15141 | Lair:1   | Killed a bog body
 15169 | Lair:1   | Annihilated by an entropy weaver simulacrum
 15170 | Lair:1   | Reached XP level 10. HP: -24/49 MP: 11/23
 15214 | Lair:1   | Noticed a five-headed hydra
 15225 | Lair:1   | Killed a five-headed hydra
 15602 | Lair:1   | Learned a level 2 spell: Ensorcelled Hibernation
 16307 | Lair:2   | Noticed a black mamba
 16316 | Lair:2   | Killed a black mamba
 16437 | Lair:2   | Reached XP level 11. HP: 52/52 MP: 14/24
 16445 | Lair:2   | Reached skill level 12 in Dodging
 16445 | Lair:2   | Reached skill level 10 in Summonings
 16445 | Lair:2   | Reached skill level 1 in Ice Magic
 16457 | Lair:2   | Noticed Fannar
 16478 | Lair:2   | HP: 2/52 [spore (18)]
 16478 | Lair:2   | Killed Fannar
 16478 | Lair:2   | Killed by an exploding blink frog... ignited by their inner
                  | flame

Illustrated notes

Levels and vault maps discovered:
D:1:      amcnicky_arrival_wind_blow, layout_loops_ring,
          shapermc_ecumenical_altar_mp_urbaneastern, minmay_lizard_pond
D:2:      layout_basic, serial_shops, nicolae_shop_waterfront, uniq_jessica,
          uniq_terence, uniq_crazy_yiuf_cottage, uniq_robin
D:3:      layout_loops_ring, mainiacjoe_overflow_large_starburst,
          overflow_temple_1_default
D:4:      layout_rooms, serial_undead, serial_undead_d, serial_undead_d,
          serial_undead_e, serial_undead_f, serial_undead_b, serial_undead_f,
          serial_undead_e, uniq_ijyb, uniq_grinder
D:5:      layout_rooms, temple_fountains, nicolae_figureground_sparkle
D:6:      layout_loops_ring, nicolae_hepliaklqana_monster_ancestors,
          mainiacjoe_overflow_big_doors, uniq_blork_the_orc
D:7:      layout_basic, elyvilon_altar_3
D:8:      layout_basic, lemuel_coloured_pillars_altar, minmay_misc_feat_columns,
          hangedman_decor_push, minmay_mini_ossuary, uniq_joseph
D:9:      minmay_the_grid_3x2 [minmay_the_grid_expand,
          minmay_the_grid_pillar_ring, minmay_the_grid_slots,
          minmay_the_grid_tree, minmay_the_grid_doors,
          minmay_the_grid_prize_four_corners], layout_gridville,
          erik_lair_island, serial_bayou_crossing
Temple:   hellmonk_temple_forest_ring
Lair:1:   dreamdust_isle_of_ice, layout_regular_city,
          portal_ice_cave_entry_pillars_2
Lair:2:   layout_loops_ring, st_stairs_4, uniq_fannar

Skill      XL: |  1  2  3  4  5  6  7  8  9 10 11 |
---------------+----------------------------------+-----
Stealth        | 3 |  3.5
Dodging        | 3 4 5 8 9 10 11 12 | 12.0
Fighting       | 1 2 3 5 6 7 8 |  8.8
Spellcasting   | 3 4 6 7 8 |  8.5
Summonings     | 5 7 8 9 10 | 10.0
Hexes          | 2 4 5 |  5.0
Air Magic      | 4 5 |  5.8
Ice Magic      | 1 |  1.0

Action                   |  1- 3 |  4- 6 |  7- 9 | 10-12 || total
-------------------------+-------+-------+-------+-------++-------
Melee: Unarmed           |    44 |    25 |    17 |    35 ||   121
       Bite              |     4 |     5 |     2 |     4 ||    15
       Punch             |     1 |       |     1 |     1 ||     3
 Cast: Summon Small Mamm |    46 |    42 |   101 |    25 ||   214
       Call Canine Famil |     5 |    22 |    51 |    26 ||   104
       Call Imp          |     2 |     8 |    17 |     9 ||    36
       Summon Guardian G |       |     2 |    36 |    27 ||    65
       Summon Lightning  |       |       |       |    24 ||    24
Invok: Potion Petition   |       |       |       |     2 ||     2
Evoke: Wand              |       |     1 |     7 |     5 ||    13
  Use: Scroll            |     5 |     2 |     9 |     6 ||    22
       Potion            |     1 |       |     1 |     4 ||     6
 Stab: Sleeping          |     6 |       |     1 |       ||     7
Armor: Skin              |     4 |     2 |     4 |    17 ||    27
Dodge: Dodged            |    61 |    29 |    64 |    76 ||   230
